 Dungeon Crawl Stone Soup version 0.21.1-1-g345015f (webtiles) character file.

5490 wojtek the Cleaver (level 10, -7/88 HPs)
             Began as a Minotaur Fighter on July 22, 2018.
             Was a Believer of Makhleb.
             Killed from afar by Erica (28 damage)
             ... with a bolt of poison
             ... on level 8 of the Dungeon.
             The game lasted 00:13:01 (8363 turns).

wojtek the Cleaver (Minotaur Fighter)               Turns: 8363, Time: 00:13:02

Health: -7/88      AC: 11    Str: 24    XL:     10   Next: 42%
Magic:  13/13      EV: 11    Int: 11    God:    Makhleb [**....]
Gold:   423        SH: 11    Dex: 10    Spells: 9/9 levels left

rFire    . . .     SeeInvis .   a - +0 war axe
rCold    . . .     Gourm    .   c - +0 shield
rNeg     . . .     Faith    .   b - +0 scale mail
rPois    .         Spirit   .   (helmet restricted)
rElec    .         Reflect  .   K - +1 cloak
rCorr    .         Harm     .   y - +0 pair of gloves
MR       .....                  (no boots)
Stlth    ..........             (no amulet)
HPRegen  0.24/turn              u - +6 ring of intelligence
MPRegen  0.13/turn              (no ring)

@: lethally poisoned (-7 -> -19)
A: retaliatory headbutt, horns 2
a: Minor Destruction, Renounce Religion


You were on level 8 of the Dungeon.
You worshipped Makhleb.
Makhleb was pleased with you.
You were not hungry.

You visited 1 branch of the dungeon, and saw 8 of its levels.
You also visited: Ossuary.

You collected 423 gold pieces.

Inventory:

Hand Weapons
 a - a +0 war axe (weapon)
 q - the cursed +3 spear of Peril {venom, rN+, unknown}
   (You found it on level 6 of the Dungeon)

   It poisons the flesh of those it strikes.
   It protects you from negative energy.
   It has a curse placed upon it.
 x - a +0 hand axe of chopping
 C - a cursed +4 battleaxe
Armour
 b - a +0 scale mail (worn)
 c - a +0 shield (worn)
 y - a +0 pair of gloves (worn)
 K - a +1 cloak (worn)
Jewellery
 j - an uncursed ring of ice
 u - a +6 ring of intelligence (left hand)
 I - a +3 ring of intelligence
Wands
 H - a wand of clouds (2)
 L - a wand of iceblast (10)
Scrolls
 i - 9 scrolls of identify
 k - 5 scrolls of remove curse
 p - a scroll of fog
 s - 2 scrolls of amnesia
 t - 2 scrolls of enchant armour {unknown}
 v - 2 scrolls of teleportation
 w - a scroll of immolation {unknown}
 A - 3 scrolls of enchant weapon {unknown}
 E - a scroll of blinking {unknown}
 J - a scroll of magic mapping {unknown}
Potions
 d - a potion of might
 e - a potion of degeneration {unknown}
 g - 4 potions of cancellation
 h - a potion of curing
 l - 2 potions of haste {unknown}
 m - a potion of brilliance {unknown}
 n - a potion of magic {unknown}
 o - 3 potions of invisibility {unknown}
 r - 3 potions of lignification {unknown}
 z - 3 potions of heal wounds {unknown}
 B - 2 potions of agility {unknown}
 D - a potion of flight {unknown}
 F - a potion of mutation {unknown}
Books
 G - a book of Cantrips

   Spells                             Type                      Level
   a - Confusing Touch                Hexes                        1
   b - Animate Skeleton               Necromancy                   1
   c - Summon Small Mammal            Summoning                    1
   d - Apportation                    Translocation                1
Comestibles
 f - 12 rations
 M - 6 chunks of flesh


   Skills:
 + Level 8.0 Fighting
 + Level 9.3 Axes
 + Level 8.0 Armour
 + Level 6.4 Dodging
 + Level 8.0 Shields
 * Level 6.4 Invocations
 * Level 1.0 Evocations


You had 9 spell levels left.
You didn't know any spells.

Dungeon Overview and Level Annotations

Branches:
Dungeon (8/15)             Temple (0/1) D:7
   Lair: D:8-11

Altars:
Cheibriados
Dithmenos
Kikubaaqudgha
Makhleb
Nemelex Xobeh
Xom
Yredelemnul

Annotations:
D:5 need dig ring
D:8 Erica


Innate Abilities, Weirdness & Mutations

You reflexively headbutt those who attack you in melee.
You have a pair of horns on your head.


Message History

You feel sick.
You feel sick.
You feel sick.
You hear some strange, mumbled words.
A bolt of poison appears from out of thin air!
The bolt of poison hits you!
You are more poisoned.
* * * LOW HITPOINT WARNING * * *
* * * LOW HITPOINT WARNING * * *
You feel sick.
* * * LOW HITPOINT WARNING * * *
You feel sick.
* * * LOW HITPOINT WARNING * * *
You feel sick.
You feel better.
You hear some strange, mumbled words.
A bolt of poison appears from out of thin air!
The bolt of poison hits you!
You are poisoned.
You die...

#.. #.# #(# #.## #.
#.#####.##### #(# #..# #.
#...........###.####.# #.
#..####.###.##...###.###.
.#######..# #.# #.#..)..##.....
..........# #.# #.#............
########.#####.###.#.....##.###.
##...........#....###.# #.
#........@.).<........###.
#.########.#.###.......... #.#
#.#..........#### #.#
#.############ #.# #.# #[# #.#
#)# #.# #.# ######.#
#.###...##.####### ###


There were no monsters in sight!

Vanquished Creatures
  A two-headed ogre (D:8)
  A deep elf mage (D:6)
  Pikel (D:6)
  Maurice (D:8)
  The ghost of tminei the Chopper, an amateur MiBe of Trog (D:4)
  A hippogriff (D:8)
  Grum (D:8)
  A hungry ghost (D:8)
  Edmund (D:4)
  The ghost of Lilu the Magician, an amateur DEWz (D:5)
  2 slaves (D:6)
  2 orc warriors
  2 black bears
  A phantom (D:6)
  2 ogres
  3 sky beasts
  A centaur (D:6)
  3 wolves (D:8)
  A bullfrog (D:8)
  An elf zombie (Ossuary)
  A water moccasin zombie (D:6)
  A wyvern zombie (D:6)
  3 scorpions
  3 wights (D:6)
  2 crimson imps
  A quasit (D:5)
  A human zombie (Ossuary)
  3 centaur skeletons
  An orc priest (D:8)
  6 hounds
  A bullfrog skeleton (D:4)
  3 iguanas
  5 worker ants
  5 orc wizards
  2 big kobold zombies (Ossuary)
  2 mummies (Ossuary)
  Robin (D:2)
  6 gnolls
  10 adders
  An ooze (D:1)
  An adder zombie (Ossuary)
  2 adder skeletons
  5 worms
  A dart slug (D:1)
  6 leopard geckos
  21 orcs
  3 giant cockroaches
  17 goblins
  8 hobgoblins
  7 jackals
  7 kobolds
  2 quokkas
  9 bats
  7 frilled lizards
  4 goblin zombies (Ossuary)
  7 hobgoblin zombies (Ossuary)
  A jackal zombie (Ossuary)
  11 kobold zombies (Ossuary)
  A leopard gecko skeleton (D:5)
  8 orc zombies (Ossuary)
  7 rats
  A rat zombie (Ossuary)
222 creatures vanquished.

Vanquished Creatures (others)
  A sky beast (D:6)
1 creature vanquished.

Grand Total: 223 creatures vanquished

Notes
Turn   | Place    | Note
-------+----------+-------------------------------------------
     0 | D:1      | wojtek the Minotaur Fighter began the quest for the Orb.
     0 | D:1      | Reached XP level 1. HP: 19/19 MP: 0/0
    67 | D:1      | Reached skill level 3 in Axes
    79 | D:1      | Reached XP level 2. HP: 15/26 MP: 1/1
   351 | D:1      | Reached skill level 4 in Axes
   426 | D:1      | Reached XP level 3. HP: 26/31 MP: 2/2
   923 | D:2      | Noticed Robin
   939 | D:2      | Killed Robin
   939 | D:2      | Reached skill level 5 in Axes
   946 | D:2      | Reached XP level 4. HP: 27/39 MP: 3/3
  1220 | D:2      | Reached skill level 6 in Axes
  1840 | D:3      | Reached XP level 5. HP: 46/46 MP: 4/4
  1878 | D:3      | Noticed a black bear
  1884 | D:3      | Killed a black bear
  1884 | D:3      | Reached skill level 1 in Dodging
  2458 | D:4      | Reached XP level 6. HP: 51/52 MP: 5/5
  2503 | D:4      | Noticed tminei's ghost (amateur MiBe)
  2784 | D:4      | Noticed Edmund
  3028 | D:4      | Killed Edmund
  3412 | D:4      | Reached XP level 7. HP: 60/60 MP: 6/6
  3468 | D:4      | Killed tminei's ghost
  3468 | D:4      | Reached skill level 5 in Fighting
  3468 | D:4      | Reached skill level 7 in Axes
  3468 | D:4      | Reached skill level 5 in Armour
  3468 | D:4      | Reached skill level 5 in Shields
  3950 | D:5      | Entered Level 5 of the Dungeon
  3953 | D:5      | Noticed Lilu's ghost (amateur DEWz)
  4090 | D:5      | Killed Lilu's ghost
  4193 | D:5      | Reached XP level 8. HP: 63/69 MP: 7/7
  4298 | D:5      | Found a burning altar of Makhleb.
  4299 | D:5      | Found a shimmering altar of Xom.
  4310 | D:5      | Became a worshipper of Makhleb the Destroyer
  4453 | D:5      | Reached skill level 1 in Invocations
  4859 | D:6      | Found a sparkling altar of Nemelex Xobeh.
  4892 | D:6      | HP: 2/70 [centaur/arrow (9)]
  5041 | D:6      | Noticed Pikel
  5056 | D:6      | Found a sand-covered staircase.
  5063 | Ossuary  | Entered an ossuary
  5274 | Ossuary  | Reached * piety under Makhleb
  5334 | Ossuary  | Reached skill level 8 in Axes
  5495 | D:6      | Killed Pikel
  5495 | D:6      | Reached skill level 5 in Dodging
  5495 | D:6      | Reached XP level 9. HP: 52/78 MP: 10/10
  6357 | D:6      | Got an ichor-stained spear
  6619 | D:6      | Noticed a deep elf mage
  6638 | D:6      | Killed a deep elf mage
  6809 | D:7      | Reached skill level 5 in Invocations
  7015 | D:7      | Found a staircase to the Ecumenical Temple.
  7057 | D:7      | Found a shadowy altar of Dithmenos.
  7068 | D:7      | Found a basalt altar of Yredelemnul.
  7082 | D:7      | Found a snail-covered altar of Cheibriados.
  7131 | D:7      | Reached ** piety under Makhleb
  7268 | D:7      | Found an ancient bone altar of Kikubaaqudgha.
  7281 | D:8      | Noticed Grum
  7287 | D:8      | Killed Grum
  7309 | D:8      | Reached skill level 9 in Axes
  7309 | D:8      | Reached XP level 10. HP: 26/86 MP: 13/13
  7595 | D:8      | Noticed a two-headed ogre
  7609 | D:8      | Killed a two-headed ogre
  7826 | D:8      | Noticed Maurice
  8213 | D:8      | Killed Maurice
  8307 | D:8      | Reached skill level 1 in Evocations
  8342 | D:8      | Noticed Erica
  8363 | D:8      | Killed from afar by Erica

Skill      XL: |  1  2  3  4  5  6  7  8  9 10 |
---------------+-------------------------------+-----
Axes           | 3 4 5 6 7 8 9 |  9.3
Fighting       | 4 5 6 7 8 |  8.0
Armour         | 4 5 6 7 8 |  8.0
Dodging        | 1 2 3 5 6 |  6.4
Shields        | 4 5 6 7 8 |  8.0
Invocations    | 3 5 6 |  6.4
Evocations     | 1 |  1.0

Action                   |  1- 3 |  4- 6 |  7- 9 | 10-12 || total
-------------------------+-------+-------+-------+-------++-------
Melee: War axe           |    95 |   148 |   369 |   106 ||   718
       Headbutt          |    15 |    31 |    66 |    19 ||   131
Evoke: Wand              |       |       |       |     3 ||     3
  Use: Scroll            |       |       |     5 |       ||     5
       Potion            |       |       |       |     1 ||     1
  Eat: Chunk             |       |     8 |    13 |     8 ||    29
Armor: Scale mail        |    65 |    55 |   126 |    53 ||   299
Dodge: Dodged            |    37 |    39 |   135 |    42 ||   253
Block: Shield            |    62 |    90 |   197 |    63 ||   412
